 Dungeon Crawl Stone Soup version 0.27-a0-937-g420bc24 (webtiles) character file.

Game seed: 5513049188086211870

3469 Nithhogg the Demonic Mishap (level 9, -3/71 HPs)
             Began as a Demonspawn Fighter on Apr 10, 2021.
             Was an Initiate of Qazlal.
             Killed from afar by an electric eel (11 damage)
             ... with a bolt of electricity
             ... on level 8 of the Dungeon.
             The game lasted 00:09:50 (8104 turns).

Nithhogg the Demonic Mishap (Demonspawn Fighter)    Turns: 8104, Time: 00:09:50

Health: -3/71      AC: 10    Str: 19    XL:     9   Next: 79%
Magic:  15/15      EV: 12    Int: 10    God:    Qazlal [......]
Gold:   397        SH: 15    Dex: 13    Spells: 8/8 levels left

rFire    . . .     SeeInvis .   f - +3 short sword (venom)
rCold    . . .     Faith    .   c - +0 kite shield
rNeg     . . .     Spirit   .   b - +0 scale mail
rPois    +         Reflect  +   (helmet restricted)
rElec    .         Harm     .   (no cloak)
rCorr    .         Rampage  .   (no gloves)
Will     .....                  (no boots)
Stlth    ..........             s - amulet of reflection
HPRegen  0.21/turn              l - ring of poison resistance
MPRegen  0.14/turn              q - +4 ring of evasion

@: very slightly contaminated, invisible, very slow
A: horns 1, yellow scales 2, demonic guardian 1
a: Renounce Religion


You were on level 8 of the Dungeon.
You worshipped Qazlal.
Qazlal was noncommittal.
You visited 2 branches of the dungeon, and saw 9 of its levels.
You also visited: Sewer.

You collected 397 gold pieces.

Inventory:

Hand Weapons
 a - a +0 long sword
 f - a +3 short sword of venom (weapon)
Missiles
 E - a throwing net (quivered)
Armour
 b - a +0 scale mail (worn)
 c - a +0 kite shield (worn)
Jewellery
 i - an amulet of regeneration
 j - a ring of protection from cold
 l - a ring of poison resistance (left hand)
 q - a +4 ring of evasion (right hand)
 s - an amulet of reflection (around neck)
Wands
 o - a wand of flame (14)
 t - a wand of charming (4)
Scrolls
 g - 7 scrolls of identify
 h - a scroll of noise
 k - a scroll of holy word
 p - 2 scrolls of amnesia
 r - 5 scrolls of teleportation
 u - a scroll of fear
 x - a scroll of immolation {unknown}
 y - a scroll of magic mapping
 C - a scroll of enchant weapon
 D - 4 scrolls of vulnerability
 H - 2 scrolls of fog
Potions
 d - a potion of ambrosia {unknown}
 m - 3 potions of heal wounds {unknown}
 n - a potion of lignification {unknown}
 v - 3 potions of mutation {unknown}
 z - 2 potions of brilliance {unknown}
 A - 2 potions of berserk rage {unknown}
 B - a potion of flight {unknown}
 F - a potion of might
 G - a potion of attraction {unknown}


   Skills:
 + Level 6.9 Fighting
 + Level 5.9 Long Blades
 + Level 6.3 Armour
 + Level 6.4 Shields
 + Level 8.1 Invocations


You had 8 spell levels left.
You didn't know any spells.
Your spell library contained the following spells:

 Spells                   Type           Power      Damage    Failure   Level
 Corona                   Hex            0%         N/A       97%         1
 Ensorcelled Hibernation  Hex/Ice        0%         N/A       99%         2
 Confusing Touch          Hex            0%         N/A       100%        3
 Dazzling Flash           Conj/Hex       0%         N/A       100%        3
 Tukima's Dance           Hex            0%         N/A       100%        3


Dungeon Overview and Level Annotations

Branches:
Dungeon (8/15)             Temple (1/1) D:7           Sewer (visited)
   Lair: D:8-11

Altars:
Ashenzari
Cheibriados
Dithmenos
Elyvilon
Fedhas
Gozag
Hepliaklqana
Kikubaaqudgha
Makhleb
Nemelex Xobeh
Okawaru
Qazlal
Ru
Sif Muna
Trog
Uskayaw
Vehumet
Yredelemnul
Zin


Innate Abilities, Weirdness & Mutations

You have a pair of small horns on your head.
You are mostly covered in yellow scales. (AC +3)
A weak demonic guardian rushes to your aid.


Message History

The electric eel shoots out a bolt of lightning at you!
The bolt of electricity hits you!
You barely miss the electric eel.
The centaur unwields a +0 shortbow.
You block the centaur's attack. The centaur completely misses you.
You barely miss the electric eel.
You headbutt the electric eel, but do no damage.
The centaur looks more healthy.
You block the centaur's attack. x3
The centaur barely misses you.
You miss the electric eel. Your headbutt misses the electric eel.
The centaur hits you but does no damage.
The centaur misses you.
The electric eel shoots out a bolt of lightning at you!
The bolt of electricity hits the plant!
The plant begins to die.
The bolt of electricity hits you!
* * * LOW HITPOINT WARNING * * *
A demonic guardian appears!
The bolt of electricity hits the electric eel.
The electric eel completely resists.
You block the centaur's attack. The centaur misses you.
You fade into invisibility!
You block the centaur's attack. x2
The electric eel shoots out a bolt of lightning at you!
The bolt of electricity hits the plant!
The bolt of electricity misses you.
The bolt of electricity hits the electric eel.
The electric eel completely resists.
The electric eel shoots out a bolt of lightning at your shadow imp!
The bolt of electricity hits your shadow imp!
You are very lightly contaminated with residual magic.
You enter the shallow water.
Moving in this stuff is going to be slow. ...and don't expect to remain undetected.
The centaur hits you but does no damage.
The centaur kicks you but does no damage.
The electric eel shoots out a bolt of lightning at you!
The bolt of electricity hits the plant.
The bolt of electricity hits you!
* * * LOW HITPOINT WARNING * * *
The electric eel shoots out a bolt of lightning at you!
The bolt of electricity hits the centaur!
The bolt of electricity hits you!
You die...

♣♣♣)<.##....##..
♣≈..)...........
♣...........)...
♣...........#
♣≈......:...#
♣♣≈...≈♣≈♣P.# ..
≈≈≈≈♣♣≈≈≈≈≈≈♣#...
≈≈≈;P≈≈≈≈≈P≈≈≈...
≈≈≈≈≈≈≈≈≈≈@≈≈P≈♣..
..........c.......
P≈≈≈≈≈≈5;≈≈≈≈P..
≈≈≈♣♣♣♣≈≈P≈≈≈≈..
♣♣♣ ♣≈≈≈≈≈≈...
#♣≈♣≈P#### .....+
!..P.P .≈≈≈≈P


You could see a centaur, 2 electric eels and a friendly shadow imp (summoned).

Vanquished Creatures
  Pikel (D:7)
  3 water moccasins
  Purgy (Sewer)
  2 orc warriors
  A sky beast (D:6)
  A black bear (D:5)
  2 necrophages
  3 centaurs
  2 phantoms (D:6)
  A kobold brigand (D:7)
  A bullfrog (D:7)
  5 scorpions
  2 water moccasin skeletons (D:5)
  An electric eel (D:8)
  3 jellies
  A centaur skeleton (D:7)
  2 gnoll shamans
  2 hounds (D:4)
  Jessica (D:2)
  A bullfrog skeleton (D:4)
  Ijyb (D:3)
  Terence (D:3)
  4 iguanas
  4 orc wizards
  Natasha (twice) (D:3)
  A hound skeleton (D:4)
  A mummy (D:5)
  15 gnolls
  3 howler monkey skeletons
  3 adders
  A river rat (D:4)
  A white imp (D:5)
  An adder skeleton (D:4)
  A worm (D:2)
  A dart slug (D:2)
  21 orcs
  3 bats
  7 endoplasms
  2 giant cockroaches (D:4)
  8 goblins
  3 hobgoblins
  17 jackals
  6 ball pythons
  3 frilled lizards
  A hobgoblin zombie (D:5)
  15 kobolds
  2 kobold zombies (D:5)
  An orc zombie (D:5)
  5 rats
170 creatures vanquished.

Vanquished Creatures (collateral kills)
  An ice beast (D:8)
  An ogre (D:6)
  A kobold brigand (D:7)
  A gnoll (D:7)
  2 orcs (D:8)
  A kobold (D:7)
7 creatures vanquished.

Vanquished Creatures (others)
  Natasha (D:3)
  11 plants (D:8)
12 creatures vanquished.

Grand Total: 189 creatures vanquished

Notes
Turn   | Place    | Note
-------+----------+-------------------------------------------
     0 | D:1      | Nithhogg the Demonspawn Fighter began the quest for the
                  | Orb.
     0 | D:1      | Reached XP level 1. HP: 18/18 MP: 1/1
   142 | D:1      | Gained mutation: You have a pair of small horns on your
                  | head. [demonic ancestry]
   142 | D:1      | Reached XP level 2. HP: 12/24 MP: 2/2
   346 | D:1      | Reached skill level 1 in Invocations
  1100 | D:1      | Gained mutation: You are partially covered in yellow
                  | scales. (AC +2) [demonic ancestry]
  1100 | D:1      | Reached XP level 3. HP: 24/29 MP: 4/4
  1461 | D:2      | Noticed Jessica
  1467 | D:2      | Killed Jessica
  1602 | D:2      | Reached XP level 4. HP: 31/35 MP: 5/5
  1992 | D:3      | Reached skill level 2 in Invocations
  2052 | D:3      | Noticed Ijyb
  2065 | D:3      | Killed Ijyb
  2236 | D:3      | Noticed Terence
  2245 | D:3      | Killed Terence
  2246 | D:3      | Reached XP level 5. HP: 41/42 MP: 6/6
  2536 | D:3      | Noticed Natasha
  2542 | D:3      | Killed Natasha
  2870 | D:3      | Noticed Natasha
  2880 | D:3      | Killed Natasha
  2884 | D:3      | Noticed Natasha
  2891 | D:3      | Killed Natasha
  3085 | D:4      | Reached skill level 3 in Invocations
  3124 | D:4      | Reached XP level 6. HP: 44/48 MP: 8/8
  3174 | D:4      | Noticed a water moccasin
  3193 | D:4      | Killed a water moccasin
  3302 | D:4      | Gained mutation: You are mostly covered in yellow scales.
                  | (AC +3) [demonic ancestry]
  3302 | D:4      | Reached XP level 7. HP: 44/55 MP: 9/9
  3303 | D:4      | Reached skill level 4 in Invocations
  3419 | D:4      | Found a glowing drain.
  3435 | Sewer    | Entered a sewer
  3479 | Sewer    | Noticed Purgy
  3485 | Sewer    | Killed Purgy
  3812 | D:5      | Entered Level 5 of the Dungeon
  3984 | D:4      | Reached skill level 5 in Fighting
  3984 | D:4      | Reached skill level 5 in Invocations
  4499 | D:5      | Gained mutation: A weak demonic guardian rushes to your
                  | aid. [demonic ancestry]
  4499 | D:5      | Reached XP level 8. HP: 62/62 MP: 11/11
  4800 | D:5      | Found a shimmering blue altar of Sif Muna.
  4801 | D:5      | Found a sacrificial altar of Ru.
  5098 | D:6      | Reached skill level 5 in Shields
  5185 | D:6      | Reached skill level 5 in Armour
  5276 | D:6      | Reached skill level 6 in Invocations
  5848 | D:6      | Reached skill level 5 in Long Blades
  5848 | D:6      | Reached XP level 9. HP: 49/69 MP: 12/14
  6853 | D:7      | Reached skill level 7 in Invocations
  6998 | D:7      | Found an ancient bone altar of Kikubaaqudgha.
  7013 | D:7      | Noticed Pikel
  7031 | D:7      | Killed Pikel
  7328 | D:7      | Found a staircase to the Ecumenical Temple.
  7408 | Temple   | Entered the Ecumenical Temple
  7590 | Temple   | Became a worshipper of Qazlal Stormbringer
  7968 | D:8      | Reached skill level 8 in Invocations
  8104 | D:8      | Killed from afar by an electric eel

Illustrated notes

Levels and vault maps discovered:
D:1:      eino_arrival_tree_alley, layout_loops_ring
D:2:      layout_basic, uniq_jessica
D:3:      layout_loops_ring, serial_rivers, chequers_serial_rivers_micro_a,
          chequers_serial_rivers_small_b, chequers_serial_rivers_small_a,
          chequers_serial_rivers_micro_c, uniq_ijyb, uniq_terence, uniq_natasha
D:4:      layout_cave_pools, lightli_sewer_entry_pipes
D:5:      layout_rooms, gammafunk_temple_overflow_pools, minmay_mini_ossuary
D:6:      layout_layer_cave, minmay_misc_feat_room
D:7:      layout_loops_ring, nicolae_kikubaaqudgha_miasma_corner,
          minmay_temple_entry_tees, uniq_pikel
D:8:      layout_gridville, xom_butterflies, serial_bayou, serial_bayou_pond_c,
          serial_bayou_lagoon_b, serial_bayou_shore_a, serial_bayou_pond_c,
          serial_bayou_pond_d, serial_bayou_lagoon_a,
          hangedman_abyss_or_decor_passed, minmay_misc_feat_enclosed
Temple:   eino_temple_scatter_basement

Skill      XL: |  1  2  3  4  5  6  7  8  9 |
---------------+----------------------------+-----
Long Blades    | 2 3 4 5 |  5.9
Invocations    | 1 2 3 5 6 8 |  8.1
Armour         | 3 4 5 6 |  6.3
Shields        | 3 4 5 6 |  6.4
Fighting       | 4 5 6 |  6.9

Action                   |  1- 3 |  4- 6 |  7- 9 || total
-------------------------+-------+-------+-------++-------
Melee: Long sword        |    40 |       |       ||    40
       Short sword       |    50 |   126 |   367 ||   543
       Headbutt          |     8 |    19 |    73 ||   100
  Use: Scroll            |     1 |     6 |     4 ||    11
       Potion            |       |     1 |     5 ||     6
Armor: Scale mail        |    48 |    32 |   111 ||   191
Dodge: Dodged            |    24 |    42 |   132 ||   198
Block: Kite shield       |    58 |    69 |   332 ||   459
       Reflection        |       |       |    16 ||    16
       Rpst.: Long sword |     6 |       |       ||     6

Table legend: (Time is in decaauts)
 A = Elapsed time spent in this place.
 B = Non-inter-level travel time spent in this place.
 C = Inter-level travel time spent in this place.
 D = Time resting spent in this place.
 E = Time spent auto-exploring this place.
 F = Levels seen in this place.
 G = Mean time per level.
                   A        B        C        D        E       F      G
               +--------+--------+--------+--------+--------+-----+--------+
         Total |   8279 |   8120 |    159 |    667 |   5911 |  10 |  827.9 |
       Dungeon |   7925 |   7779 |    146 |    667 |   5636 |   8 |  990.6 |
        Temple |    196 |    183 |     13 |      0 |    173 |   1 |  196.0 |
         Sewer |    157 |    157 |      0 |      0 |    102 |   1 |  157.0 |
               +--------+--------+--------+--------+--------+-----+--------+

Top non-repeatable levels by time:
     D:6: 1722 daAuts
     D:1: 1448 daAuts
     D:4: 1205 daAuts
     D:3: 1083 daAuts
     D:7: 972 daAuts
     D:5: 766 daAuts
     D:2: 569 daAuts
  Temple: 196 daAuts
   Sewer: 157 daAuts
     D:8: 157 daAuts
